 Dungeon Crawl Stone Soup version 0.27.0-1-g7a089689b8 (webtiles) character file.

Game seed: 1268646644870703342

42 RepoMan the Gusty (level 3, -2/14 HPs)
             Began as a Felid Air Elementalist on Aug 9, 2021.
             Slain by a goblin (4 damage)
             ... led by Robin
             ... on level 2 of the Dungeon.
             The game lasted 00:09:39 (2068 turns).

RepoMan the Gusty (Felid Air Elementalist)          Turns: 2068, Time: 00:09:40

Health: -2/14      AC:  1    Str:  4    XL:     3   Next: 35%
Magic:  5/7        EV: 17    Int: 17    God:
Gold:   106        SH:  0    Dex: 16    Spells: 3/6 levels left
                                        Lives:  0   Deaths: 0

rFire    . . .     SeeInvis +   (weapon unavailable)
rCold    . . .     Faith    .   (shield unavailable)
rNeg     . . .     Spirit   .   (armour unavailable)
rPois    .         Reflect  .   (helmet unavailable)
rElec    .         Harm     .   (cloak unavailable)
rCorr    .         Rampage  .   (gloves unavailable)
Will     .....                  (boots unavailable)
Stlth    ++........             (no amulet)
HPRegen  0.04/turn              (no ring)
MPRegen  0.10/turn              (no ring)

@: quick
A: very small, claws 1, fangs 3, see invisible, speed 1, shaggy fur 1, stealthy
paws, no weapons or thrown items, no armour, multi-lived
a: no special abilities


You were on level 2 of the Dungeon.
You visited 1 branch of the dungeon, and saw 2 of its levels.

You collected 106 gold pieces.

Inventory:

Scrolls
 a - a scroll of immolation
 b - 3 scrolls of identify {unknown}
 c - a scroll of amnesia {unknown}
 d - a scroll of silence {unknown}
 f - 2 scrolls of enchant armour {unknown}
Potions
 e - a potion of heal wounds {unknown}


   Skills:
 - Level 2.6 Dodging
 - Level 2.6 Stealth
 + Level 2.4 Spellcasting
 + Level 1.6 Conjurations
 * Level 3.4 Air Magic


You had 3 spell levels left.
You knew the following spells:

 Your Spells              Type           Power      Damage    Failure   Level
d - Static Discharge      Conj/Air       10%        N/A       10%         2
z - Shock                 Conj/Air       40%        1d5       7%          1

Your spell library contained the following spells:

 Spells                   Type           Power      Damage    Failure   Level
 Swiftness                Air            13%        N/A       14%         3
 Airstrike                Air            6%         N/A       41%         4


Dungeon Overview and Level Annotations

Branches:
Dungeon (2/15)

Altars:

Annotations:
D:2 Robin


Innate Abilities, Weirdness & Mutations

You have sharp claws.
You have razor-sharp teeth.
You have supernaturally acute eyesight. (SInv)
You cover ground quickly. (Speed+)
You are covered in fur. (AC +1)
Your paws help you pounce on unaware monsters.
You are incapable of wielding weapons or throwing items.
You cannot wear armour.
You gain extra lives every three experience levels.


Message History

Casting: Shock (safe; 7% risk of failure)
Confirm with . or Enter, or press ? or * to list all spells.
Aiming: Shock (safe; 7% risk of failure)
Press: ? - help, Shift-Dir - straight line, f - bat
Aim: a bat (52% to hit)
The zap hits the bat.
You kill the bat!
Robin is nearby!
Okay, then.
Casting: Shock (safe; 7% risk of failure)
Confirm with . or Enter, or press ? or * to list all spells.
Aiming: Shock (safe; 7% risk of failure)
Press: ? - help, Shift-Dir - straight line The zap hits Robin but does no damage.
Robin shouts!
The zap hits Robin.
Robin is lightly wounded.
You hear a shout! x4
A hobgoblin comes into view.
The goblin shouts! x2
Casting: Shock (safe; 7% risk of failure)
Confirm with . or Enter, or press ? or * to list all spells.
Aiming: Shock (safe; 7% risk of failure)
Press: ? - help, Shift-Dir - straight line The zap hits Robin.
Robin is lightly wounded.
The zap hits Robin.
Robin is lightly wounded.
Unknown command.
An endoplasm comes into view.
The goblin unwields a +0 dagger.
The goblin wields a +0 hunting sling.
The goblin shoots a sling bullet.
The sling bullet hits you.
The endoplasm moves out of view.
Unknown command.
Robin throws the goblin at you! The goblin hits you with a +0 dagger.
* * * LOW HITPOINT WARNING * * *
Unknown command.
Okay, then.
The goblin hits you with a +0 dagger.
You die...

#.............)...#
.............#....##†###
.....#.#..........#.)####.#
..#.#.##..###....#.......#
.......#.........#..######
#
#.#.#..#.........#........
..
#.#.#..#.........###.#####
... #.#.#..##g.......# #..#
... #....g...@.......#
##.## .. #.#.#.g###########
#..# ###.#.#.#.#g.# ##.##
.......g#.#..# ###.###.)##
.##.....#g#g.# +..........
..........g..# ###.####..#
........#.#.#. ##)#
......###g#.#. #.. ......
#.#. . #..


You could see Robin, a hobgoblin and a goblin.

Vanquished Creatures
  A dart slug (D:1)
  4 endoplasms (D:1)
  9 goblins
  3 hobgoblins
  4 jackals (D:1)
  5 kobolds (D:1)
  3 ball pythons (D:1)
  3 bats
  A frilled lizard (D:1)
  A rat (D:1)
34 creatures vanquished.

Notes
Turn   | Place    | Note
-------+----------+-------------------------------------------
     0 | D:1      | RepoMan the Felid Air Elementalist began the quest for the
                  | Orb.
     0 | D:1      | Reached XP level 1. HP: 7/7 MP: 4/4
   106 | D:1      | Reached skill level 1 in Conjurations
   643 | D:1      | Found a faded altar of an unknown god.
   659 | D:1      | Reached skill level 3 in Air Magic
   659 | D:1      | Reached XP level 2. HP: 11/11 MP: 0/6
  1412 | D:1      | Learned a level 2 spell: Static Discharge
  1597 | D:1      | Reached XP level 3. HP: 14/14 MP: 4/7
  1922 | D:2      | Noticed Robin
  2068 | D:2      | Slain by a goblin

Illustrated notes

Levels and vault maps discovered:
D:1:      giann_wishing_wells, layout_loops_corners,
          hellmonk_ecumenical_altar_blasted
D:2:      layout_basic, uniq_robin

Skill      XL: |  1 |
---------------+----+-----
Conjurations   | 1 |  1.6
Air Magic      | 3 |  3.4
Dodging        | |  2.6
Stealth        | |  2.6
Spellcasting   | |  2.4

Action                   || total
-------------------------++-------
Melee: Unarmed           ||    12
       Bite              ||     1
 Cast: Shock             ||    44
 Stab: Sleeping          ||     3
       Distracted        ||     1
Armor: Skin              ||     3
Dodge: Dodged            ||    11
